Map: [ESL] Solaris

Players

Firefly - Winner!

  • Race: Protoss Protoss
  • Spawn Location: 7:00

Nanami

  • Race: Protoss Protoss
  • Spawn Location: 1:00

Event: ESL SC2 Masters 2023 Winter (Regional)

VOD

Have the link to the VOD?

Description

Time

  • Played on: Nov. 3, 2023, 7:09 a.m.
  • Length: 6:58

All games in this series

Show
View Real Time Build Order
Export as new Build Order

Firefly Protoss - Winner!

Build Orders:  

Get SALT Encoding   

  12  0:00  Probe  
  13  0:12  Probe  
  14  0:18  Pylon  
  14  0:24  Probe  
  15  0:36  Probe (Chrono Boost)  
  15  0:37  Gateway  
  16  0:47  Assimilator, Probe (Chrono Boost)  
  17  0:52  Probe (Chrono Boost)  
  17  0:55  Assimilator  
  18  1:03  Probe  
  19  1:08  Gateway  
  19  1:15  Probe  
  20  1:25  Cybernetics Core  
  20  1:27  Probe  
  20  1:32  Pylon  
  21  1:39  Probe  
  22  1:51  Probe  
  23  1:58  Warp Gate (Chrono Boost)  
  23  2:00  Adept x2 (Chrono Boost)  
  27  2:10  Pylon  
  27  2:21  Adept x2  
  31  2:55  Nexus, Sentry x2  
  33  3:03  Probe  
  33  3:04  Shield Battery  
  34  3:15  Probe  
  34  3:18  Sentry  
  34  3:19  Twilight Council  
  37  3:27  Pylon  
  37  3:32  Robotics Facility  
  37  3:40  Stalker  
  39  3:49  Stalker  
  39  3:53  Probe  
  42  4:03  Stalker  
  44  4:10  Shield Battery  
  44  4:14  Stalker  
  46  4:22  Immortal (Chrono Boost)  
  48  4:49  Stalker x2  
  48  4:52  Gateway  
  48  5:13  Immortal (Chrono Boost)  
  48  5:14  Stalker  
  48  5:15  Stalker  
  48  5:19  Probe  
  49  5:21  Probe  
  48  5:31  Probe  
  48  5:33  Probe  
  49  5:37  Phoenix  
  49  5:48  Probe x2  
  49  5:49  Warp Prism (Chrono Boost)  
  53  6:01  Probe  
  53  6:02  Twilight Council  
  54  6:06  Probe  
  54  6:09  Sentry  
  57  6:13  Probe  
  57  6:15  Stalker  
  60  6:20  Stalker  
  62  6:28  Pylon  
  62  6:32  Probe  
Show
View Real Time Build Order
Export as new Build Order

Nanami Protoss 

Build Orders:  

Get SALT Encoding   

  12  0:00  Probe  
  13  0:12  Probe  
  14  0:17  Pylon  
  14  0:24  Probe (Chrono Boost)  
  16  0:37  Gateway, Probe (Chrono Boost)  
  16  0:42  Probe (Chrono Boost)  
  16  0:45  Assimilator  
  17  0:51  Probe  
  17  0:56  Assimilator  
  18  1:03  Probe (Chrono Boost)  
  19  1:07  Gateway  
  19  1:12  Probe (Chrono Boost)  
  19  1:17  Probe (Chrono Boost)  
  20  1:24  Cybernetics Core  
  21  1:29  Probe  
  22  1:34  Pylon  
  22  1:42  Probe  
  23  1:54  Probe  
  24  2:01  Adept  
  24  2:02  Warp Gate, Adept  
  24  2:04  Pylon  
  28  2:13  Robotics Facility  
  28  2:31  Stalker  
  28  2:32  Stalker  
  32  2:41  Gateway  
  30  2:58  Immortal (Chrono Boost)  
  32  3:05  Sentry  
  32  3:09  Pylon  
  34  3:14  Shield Battery  
  34  3:27  Shield Battery  
  34  3:31  Warp Prism (Chrono Boost)  
  36  3:50  Stalker x3  
  42  4:00  Observer  
  43  4:04  Pylon  
  43  4:18  Adept x2  
  43  4:21  Pylon  
  46  4:44  Adept x3  
  46  5:06  Stalker x3  
  52  5:09  Stalker x3  
  45  5:21  Warp Prism (Chrono Boost)  
  38  5:36  Stalker x3  
  44  6:03  Nexus  
  44  6:06  Observer  
  44  6:09  Robotics Bay  
  44  6:15  Probe  
  45  6:23  Stalker  
  46  6:27  Probe  
  47  6:39  Probe  
  46  6:49  Adept x2  
Tags
 
Add a new tag
Caveats
  • Supply blocks, unpowered buildings, or Contaminate may cause inaccurate times.
  • Supply counts are checked every 10 seconds.